 Dungeon Crawl Stone Soup version 0.25-a0-558-g78a2afb0af (webtiles) character file.

Game seed: 11649706663642489318, levelgen mode: deterministic

82163 RedPan the Fighter (level 15, -10/122 HPs)
             Began as a Gnoll Wanderer on Feb 25, 2020.
             Was the Champion of Cheibriados.
             Killed from afar by a swamp worm (16 damage)
             ... with a harpoon shot
             ... on level 1 of the Swamp.
             The game lasted 01:24:40 (28290 turns).

RedPan the Fighter (Gnoll Wanderer)                Turns: 28290, Time: 01:24:41

Health: -10/122    AC: 29    Str: 34    XL:     15   Next: 72%
Magic:  29/29      EV: 19    Int: 30    God:    Cheibriados [******]
Gold:   1439       SH:  0    Dex: 31    Spells: 20/34 levels left

rFire    . . .     SeeInvis +   F - +9 executioner's axe (elec)
rCold    + . .     Gourm    .   (shield currently unavailable)
rNeg     + . .     Faith    .   W - +8 plate armour {rPois}
rPois    +         Spirit   .   z - +0 hat
rElec    +         Reflect  .   T - +1 cloak
rCorr    .         Harm     .   G - +2 pair of gloves {archery}
MR       +....                  (no boots)
Stlth    +.........             b - amulet of regeneration
HPRegen  0.70/turn              O - ring "Diuhot" {rN+ SInv}
MPRegen  0.21/turn              L - ring "Ususheq" {+Inv rElec rC+}

@: very slightly contaminated, very slow
A: distributed training, fangs 1, strong nose
a: Bend Time, Temporal Distortion, Slouch, Step From Time, Renounce Religion,
Evoke Invisibility


You were on level 1 of the Swamp.
You worshipped Cheibriados.
Cheibriados was exalted by your worship.
You were very hungry.

You visited 4 branches of the dungeon, and saw 23 of its levels.

You collected 1966 gold pieces.
You spent 527 gold pieces at shops.

Inventory:

Hand Weapons
 e - the +2 hand crossbow of Xousyang {elec, Str+2 Int+4}
   (You found it on level 6 of the Lair of Beasts)

   It charges the ammunition it shoots with electricity; occasionally upon a
   hit, such missiles may discharge and cause terrible harm.
   It affects your strength (+2).
   It affects your intelligence (+4).
 F - a +9 executioner's axe of electrocution (weapon)
Missiles
 t - 5 atropa-tipped darts
 N - 7 javelins (quivered)
 Q - 3 curare-tipped darts
Armour
 z - a +0 hat (worn)
 G - a +2 pair of gloves of archery (worn)
 T - a +1 cloak (worn)
 W - a +8 plate armour of poison resistance (worn)
Jewellery
 b - an amulet of regeneration (around neck)
 h - an uncursed ring of fire
 K - an uncursed ring of resist corrosion
 L - the ring "Ususheq" (right hand) {+Inv rElec rC+}
   (You found it on level 8 of the Dungeon)

   [ring of protection from cold]

   It protects you from cold.
   It insulates you from electricity.
   It lets you turn invisible.
 O - the ring "Diuhot" (left hand) {rN+ SInv}
   (You found it on level 9 of the Dungeon)

   [ring of positive energy]

   It protects you from negative energy.
   It lets you see invisible.
 S - an uncursed ring of protection from cold
 U - an uncursed ring of protection from fire
Wands
 u - a wand of flame (16)
 v - a wand of iceblast (14)
 w - a wand of polymorph (10)
 I - a wand of digging (11)
 R - a wand of disintegration (33)
Scrolls
 c - 13 scrolls of identify
 d - a scroll of holy word
 j - 5 scrolls of teleportation
 k - 3 scrolls of amnesia
 m - a scroll of blinking
 q - 5 scrolls of remove curse
 x - 2 scrolls of brand weapon
 B - 2 scrolls of fear
 P - 2 scrolls of fog
 Y - a scroll of magic mapping
Potions
 g - 3 potions of flight
 i - 4 potions of ambrosia
 l - 3 potions of cancellation
 o - 5 potions of mutation
 p - 8 potions of curing
 A - 3 potions of lignification
 C - 2 potions of brilliance
 E - a potion of stabbing
 J - 2 potions of resistance
 M - 3 potions of magic
 X - a potion of might
Miscellaneous
 a - a tin of tremorstones
 D - a lamp of fire (inert)
Comestibles
 f - 25 rations


   Skills:
 + Level 12.8 Fighting
 + Level 10.1 Short Blades
 + Level 10.1 Long Blades
 + Level 10.1 Axes
 + Level 10.1 Maces & Flails
 + Level 10.1 Polearms
 + Level 10.1 Staves
 + Level 10.1 Slings
 + Level 10.4 Bows
 + Level 10.1 Crossbows
 + Level 10.1 Throwing
 + Level 11.0 Armour
 + Level 10.4 Dodging
 + Level 10.4 Stealth
 + Level 10.1 Shields
 + Level 10.1 Unarmed Combat
 + Level 10.1 Spellcasting
 + Level 8.5 Conjurations
 + Level 8.5 Hexes
 + Level 8.5 Charms
 + Level 8.5 Summonings
 + Level 8.5 Necromancy
 + Level 8.5 Translocations
 + Level 8.5 Transmutations
 + Level 8.5 Fire Magic
 + Level 8.5 Ice Magic
 + Level 8.5 Air Magic
 + Level 8.5 Earth Magic
 + Level 8.5 Poison Magic
 + Level 10.9 Invocations
 + Level 10.4 Evocations


You had 20 spell levels left.
You knew the following spells:

 Your Spells              Type           Power        Failure   Level  Hunger
a - Tukima's Dance        Hex            ######..     1%          3    None
b - Lesser Beckoning      Tloc           ######....   1%          3    None
c - Animate Dead          Necr           N/A          6%          4    None
d - Summon Ice Beast      Ice/Summ       ######..     6%          4    None

Your spell library contained the following spells:

 Spells                   Type           Power        Failure   Level  Hunger
 Animate Skeleton         Necr           N/A          1%          1    None
 Apportation              Tloc           ######       1%          1    None
 Corona                   Hex            ######.      1%          1    None
 Magic Dart               Conj           ####         1%          1    None
 Pain                     Necr           ####         1%          1    None
 Summon Butterflies       Summ           ######..     1%          1    None
 Summon Small Mammal      Summ           ####         1%          1    None
 Searing Ray              Conj           ######       1%          2    None
 Slow                     Hex            ######..     1%          2    None
 Call Canine Familiar     Summ           ######..     1%          3    None
 Dazzling Flash           Conj/Hex       ######       1%          3    None
 Gell's Gravitas          Tloc           ######....   1%          3    None
 Portal Projectile        Hex/Tloc       ######       1%          3    None
 Summon Guardian Golem    Hex/Summ       ######..     1%          3    None
 Vampiric Draining        Necr           ######....   1%          3    None
 Fulminant Prism          Conj/Hex       ######....   6%          4    None
 Iskenderun's Mystic Bla  Conj/Tloc      ######..     6%          4    None
 Leda's Liquefaction      Hex/Erth       ######....   6%          4    None
 Agony                    Necr           ######..     16%         5    ###....
 Alistair's Intoxication  Tmut/Pois      ######..     16%         5    ###....
 Bolt of Magma            Conj/Fire/Erth ######....   16%         5    ###....
 Irradiate                Conj/Tmut      ######....   16%         5    ###....
 Summon Mana Viper        Hex/Summ       ######..     16%         5    ###....
 Yara's Violent Unravell  Hex/Tmut       ######....   16%         5    ###....
 Darkness                 Hex            ######....   65%         6    #####..
 Dispersal                Tloc           ######....   65%         6    #####..
 Hydra Form               Tmut           ######....   65%         6    #####..
 Invisibility             Hex            ######..     65%         6    #####..
 Iron Shot                Conj/Erth      ######....   65%         6    #####..
 Statue Form              Tmut/Erth      ######...    65%         6    #####..
 Dragon Form              Tmut           ######....   99%         7    ######.
 Summon Hydra             Summ           ######....   99%         7    ######.
 Controlled Blink         Tloc           N/A          100%        8    #######
 Disjunction              Tloc           ######....   100%        8    #######
 Shatter                  Erth           ######....   100%        9    #######


Dungeon Overview and Level Annotations

Branches:
Dungeon (15/15)            Temple (1/1) D:6            Lair (6/6) D:10
  Swamp (1/4) Lair:2        Snake (0/4) Lair:2        Slime (0/5) Lair:6
    Orc (0/2) D:10         Vaults (0/5) D:14         Depths (0/5) D:15

Altars:
Ashenzari
Cheibriados
Dithmenos
Elyvilon
Fedhas
Gozag
Hepliaklqana
Kikubaaqudgha
Makhleb
Nemelex Xobeh
Qazlal
Sif Muna
Trog
Uskayaw
Vehumet
Wu Jian
Xom
Jiyva

Shops:
D:5 [   D:7 ?   D:8 (   D:12 }   D:14 %

Annotations:
Lair:5 3 runed translucent doors, Gicu's ghost, journeyman MiFi
Swamp:1 1 transporter


Innate Abilities, Weirdness & Mutations

Your experience applies equally to all skills.
You have very sharp teeth.
Your uncanny sense of smell can sniff out nearby items.


Message History

The harpoon shot hits you.
You are yanked forward by the harpoon shot.
You violently stop moving!
* * * LOW HITPOINT WARNING * * *
The swamp worm fires a harpoon shot at you.
The harpoon shot hits you!
* * * LOW HITPOINT WARNING * * *
You are yanked forward by the harpoon shot.
You collide with the briar patch!
* * * LOW HITPOINT WARNING * * *
You enter the Zot trap.
You see a puff of smoke.
Nothing appears to happen.
The swamp worm fires a harpoon shot at you.
The harpoon shot hits you!
* * * LOW HITPOINT WARNING * * *
You are yanked forward by the harpoon shot.
You violently stop moving!
* * * LOW HITPOINT WARNING * * *
The swamp worm fires a harpoon shot at you.
The harpoon shot hits you!
You die...

...≈≈≈.≈≈≈.♣♣♣♣...♣♣♣.≈.♣♣♣≈.≈♣
........≈≈≈♣♣♣♣..≈♣ ♣....≈♣.≈.♣
≈..≈♣♣.≈.♣§♣♣....≈♣ ♣♣♣.......♣
≈..≈♣♣....♣♣§..≈^.♣♣♣♣♣≈....♣♣♣
≈≈........................≈≈.♣
....#################....†...♣
♣..##♣#w#w#w#w#♣#♣#w#.....♣♣♣♣
≈.##≈≈≈≈#≈≈≈≈≈#§§≈≈≈####..≈.♣
≈.#PPPP.☼.....°.@.PP#=[#...≈♣
≈©#©^^^^^^^^^^^^^^^.+$©#©≈.♣♣
≈.#.....PPP○PPPPP○PP#$=#.≈≈♣
..##≈≈§≈≈≈≈#≈≈≈≈≈#≈≈####.≈♣♣
♣..###(#♣#w#♣#♣#w#♣##....♣♣
♣♣..#################..≈.♣♣♣♣♣
♣♣...................≈..♣♣♣..♣
.♣≈≈♣..≈§......≈≈≈≈≈≈≈..≈≈≈≈≈♣♣
♣≈.♣♣♣.....≈≈≈..≈≈.≈≈..≈≈≈≈≈..♣


You could see 6 swamp worms.

Vanquished Creatures
  Rupert (Lair:6)
  A very ugly thing (Swamp:1)
  An entropy weaver (Lair:2)
  Josephine (D:10)
  9 hydras
  A vault guard (D:14)
  2 ice dragons (D:15)
  2 centaur warriors
  4 alligators
  5 two-headed ogres
  A dancing weapon (Lair:1)
  5 death yaks
  The ghost of Itaff the Thaumaturge, a journeyman DECj of Vehumet (Lair:1)
  2 unseen horrors
  3 ugly things (D:11)
  4 cyclopes
  2 black mambas
  A centaur zombie (D:11)
  A centaur skeleton (D:13)
  29 spiny frogs
  2 rime drakes (Lair:4)
  2 kobold demonologists
  6 komodo dragons
  2 ice devils (Lair:4)
  3 polar bears (Lair:4)
  4 trolls
  8 tyrant leeches
  Grinder (D:4)
  2 hornets
  9 slime creatures
  2 harpy skeletons
  3 bog bodies (Swamp:1)
  10 hippogriffs
  7 dream sheep (Lair:4)
  20 blink frogs
  8 redbacks (D:14)
  A spriggan (Lair:4)
  31 yaks
  Sigmund (D:4)
  A vampire (D:13)
  2 wyverns
  5 basilisks
  A hungry ghost (D:14)
  4 wraiths (D:10)
  11 humans (D:14)
  A golden eye (shapeshifter) (D:13)
  A steam dragon (Lair:4)
  18 vampire mosquitoes
  An acid dragon (D:12)
  4 swamp worms (Swamp:1)
  14 water moccasins
  10 porcupines
  3 black bears
  4 ice beasts
  3 sky beasts
  An eye of draining (D:15)
  3 phantoms
  2 swamp drakes (Swamp:1)
  A black bear (shapeshifter) (D:15)
  7 orc warriors
  3 necrophages
  3 ogres
  7 boggarts (D:15)
  13 wolves
  8 centaurs
  23 crocodiles
  3 big kobolds
  25 bullfrogs
  3 scorpions
  3 wyvern skeletons
  A water moccasin skeleton (D:7)
  19 wights
  3 howler monkeys
  A bullfrog zombie (D:6)
  3 crimson imps
  2 jellies
  2 bullfrog skeletons (D:8)
  7 hounds
  8 orc priests
  15 orc wizards
  3 iguanas
  7 hell rats (Lair:6)
  9 worker ants
  A hound zombie (D:11)
  4 hound skeletons
  A howler monkey zombie (D:10)
  A worker ant zombie (D:7)
  3 gnolls (D:3)
  12 adders
  2 shadow imps
  5 worms
  3 dart slugs (D:1)
  11 leopard geckos
  32 orcs
  A ball python (D:7)
  7 giant cockroaches
  3 goblins
  8 hobgoblins
  29 jackals
  8 quokkas
  8 bats
  3 frilled lizards
  A giant cockroach zombie (D:6)
  A jackal skeleton (D:5)
  22 kobolds
  A leopard gecko skeleton (D:4)
  A quokka zombie (D:8)
  7 rats
  13 briar patches (Swamp:1)
  4 fungi
  2 plants
660 creatures vanquished.

Vanquished Creatures (collateral kills)
  A very ugly thing (Swamp:1)
  A hydra (Swamp:1)
  A two-headed ogre (D:13)
  A cyclops (D:13)
  A tyrant leech (Swamp:1)
  A sky beast (D:13)
  An ogre (D:12)
  4 centaurs (D:13)
11 creatures vanquished.

Vanquished Creatures (others)
  A boggart (D:15)
  A briar patch (Swamp:1)
  11 fungi
  67 plants
80 creatures vanquished.

Grand Total: 751 creatures vanquished

Notes
Turn   | Place    | Note
-------+----------+-------------------------------------------
     0 | D:1      | RedPan the Gnoll Wanderer began the quest for the Orb.
     0 | D:1      | RedPan set off with the following items: a +2 shortbow, 29
                  | arrows, a +0 falchion, a wand of random effects (15), a +0
                  | robe, a ration
     0 | D:1      | Reached XP level 1. HP: 26/26 MP: 2/2
   197 | D:1      | Reached XP level 2. HP: 23/33 MP: 3/3
   661 | D:1      | Reached XP level 3. HP: 38/38 MP: 4/4
  1083 | D:2      | Reached skill level 1 in Invocations
  1171 | D:2      | Found a white marble altar of Elyvilon.
  1429 | D:2      | Reached skill level 1 in Short Blades
  1429 | D:2      | Reached skill level 1 in Long Blades
  1429 | D:2      | Reached skill level 1 in Axes
  1429 | D:2      | Reached skill level 1 in Maces & Flails
  1429 | D:2      | Reached skill level 1 in Polearms
  1429 | D:2      | Reached skill level 1 in Staves
  1429 | D:2      | Reached skill level 1 in Slings
  1429 | D:2      | Reached skill level 1 in Crossbows
  1429 | D:2      | Reached skill level 1 in Throwing
  1429 | D:2      | Reached skill level 1 in Shields
  1429 | D:2      | Reached skill level 1 in Unarmed Combat
  1429 | D:2      | Reached skill level 1 in Spellcasting
  1637 | D:2      | Reached XP level 4. HP: 44/45 MP: 6/6
  1863 | D:2      | Found a faded altar of an unknown god.
  2112 | D:3      | You fall into a shaft and drop 2 floors!
  2112 | D:5      | Entered Level 5 of the Dungeon
  2123 | D:5      | Reached skill level 1 in Conjurations
  2123 | D:5      | Reached skill level 1 in Hexes
  2123 | D:5      | Reached skill level 1 in Charms
  2123 | D:5      | Reached skill level 1 in Summonings
  2123 | D:5      | Reached skill level 1 in Necromancy
  2123 | D:5      | Reached skill level 1 in Translocations
  2123 | D:5      | Reached skill level 1 in Transmutations
  2123 | D:5      | Reached skill level 1 in Fire Magic
  2123 | D:5      | Reached skill level 1 in Ice Magic
  2123 | D:5      | Reached skill level 1 in Air Magic
  2123 | D:5      | Reached skill level 1 in Earth Magic
  2123 | D:5      | Reached skill level 1 in Poison Magic
  2210 | D:5      | Noticed a centaur
  2221 | D:5      | Killed a centaur
  2221 | D:5      | Reached XP level 5. HP: 32/51 MP: 7/7
  2380 | D:4      | Noticed Sigmund
  2380 | D:4      | Noticed a phantom
  2501 | D:5      | Found Ogac's Armour Emporium.
  2642 | D:4      | Found a radiant altar of Vehumet.
  2676 | D:4      | Found a hide-covered altar of Uskayaw.
  2679 | D:4      | Noticed a +0 hand axe
  2679 | D:4      | Noticed a +0 dagger
  2714 | D:3      | Reached XP level 6. HP: 54/57 MP: 8/8
  3931 | D:4      | Reached skill level 5 in Armour
  4076 | D:4      | Got a crude dagger
  4077 | D:4      | Identified the +6 dagger "Bijayrop" {vorpal, Fragile +Inv
                  | rN+} (You found it on level 4 of the Dungeon)
  4145 | D:4      | Noticed an ice beast
  4169 | D:3      | Killed an ice beast
  4169 | D:3      | Reached XP level 7. HP: 32/63 MP: 7/10
  4847 | D:4      | Killed Sigmund
  4847 | D:4      | Reached skill level 9 in Fighting
  4947 | D:4      | Noticed Grinder
  4960 | D:4      | Killed Grinder
  4960 | D:4      | Reached XP level 8. HP: 55/71 MP: 10/12
  5965 | D:6      | Found a staircase to the Ecumenical Temple.
  6065 | Temple   | Entered the Ecumenical Temple
  6107 | Temple   | Became a worshipper of Cheibriados the Contemplative
  6955 | D:7      | Reached * piety under Cheibriados
  7009 | D:7      | Found Ekuogog's Magic Scroll Boutique.
  7017 | D:7      | Bought a scroll of enchant weapon for 75 gold pieces
  7073 | D:7      | Reached XP level 9. HP: 69/76 MP: 14/14
  7865 | D:7      | Reached skill level 5 in Bows
  7865 | D:7      | Reached skill level 5 in Dodging
  7865 | D:7      | Reached skill level 5 in Evocations
  7866 | D:7      | Reached ** piety under Cheibriados
  8072 | D:7      | Identified a scroll of acquirement
  8072 | D:7      | Identified the +7 triple crossbow of Gluttony {elec, rC+
                  | rN+ Str-4} (You acquired it on level 7 of the Dungeon)
  8241 | D:7      | Found a shattered altar of Ashenzari.
  8276 | D:7      | Reached skill level 5 in Stealth
  9282 | D:8      | Found Uhoskat's Weapon Boutique.
  9288 | D:8      | Bought a +0 executioner's axe for 130 gold pieces
  9333 | D:8      | Reached skill level 5 in Invocations
  9839 | D:8      | Reached XP level 10. HP: 83/83 MP: 17/17
  9989 | D:8      | Got a slimy brass ring
 10065 | D:8      | Identified the ring "Ususheq" {+Inv rElec rC+} (You found
                  | it on level 8 of the Dungeon)
 10126 | D:8      | Reached *** piety under Cheibriados
 10638 | D:9      | Got a fine iron ring
 10717 | D:9      | Reached skill level 5 in Short Blades
 10717 | D:9      | Reached skill level 5 in Long Blades
 10717 | D:9      | Reached skill level 5 in Axes
 10717 | D:9      | Reached skill level 5 in Maces & Flails
 10717 | D:9      | Reached skill level 5 in Polearms
 10717 | D:9      | Reached skill level 5 in Staves
 10717 | D:9      | Reached skill level 5 in Slings
 10717 | D:9      | Reached skill level 5 in Crossbows
 10717 | D:9      | Reached skill level 5 in Throwing
 10717 | D:9      | Reached skill level 5 in Shields
 10717 | D:9      | Reached skill level 5 in Unarmed Combat
 10717 | D:9      | Reached skill level 5 in Spellcasting
 11049 | D:10     | Entered Level 10 of the Dungeon
 11108 | D:9      | Killed an unseen horror
 11108 | D:9      | Reached skill level 10 in Fighting
 11686 | D:10     | Found a staircase to the Lair.
 11907 | D:5      | Bought a +2 pair of gloves of archery for 322 gold pieces
 12109 | D:10     | Found a staircase to the Orcish Mines.
 12502 | D:10     | Noticed Josephine
 12511 | D:10     | Killed Josephine
 12511 | D:10     | Reached XP level 11. HP: 71/91 MP: 12/19
 12513 | D:10     | Reached **** piety under Cheibriados
 13014 | Lair:1   | Entered Level 1 of the Lair of Beasts
 13020 | Lair:1   | Reached skill level 5 in Conjurations
 13020 | Lair:1   | Reached skill level 5 in Hexes
 13020 | Lair:1   | Reached skill level 5 in Charms
 13020 | Lair:1   | Reached skill level 5 in Summonings
 13020 | Lair:1   | Reached skill level 5 in Necromancy
 13020 | Lair:1   | Reached skill level 5 in Translocations
 13020 | Lair:1   | Reached skill level 5 in Transmutations
 13020 | Lair:1   | Reached skill level 5 in Fire Magic
 13020 | Lair:1   | Reached skill level 5 in Ice Magic
 13020 | Lair:1   | Reached skill level 5 in Air Magic
 13020 | Lair:1   | Reached skill level 5 in Earth Magic
 13020 | Lair:1   | Reached skill level 5 in Poison Magic
 13060 | Lair:1   | Identified the ring "Diuhot" {rN+ SInv} (You found it on
                  | level 9 of the Dungeon)
 13340 | Lair:1   | Found a runed translucent door.
 13341 | Lair:1   | Found a shimmering altar of Xom.
 13341 | Lair:1   | Noticed Itaff's ghost (journeyman DECj)
 13342 | Lair:1   | Noticed a +2 morningstar of chaos
 13624 | Lair:1   | Killed Itaff's ghost
 13625 | Lair:1   | Killed a +2 morningstar of chaos
 13641 | Lair:1   | Learned a level 3 spell: Tukima's Dance
 14343 | Lair:2   | Reached ***** piety under Cheibriados
 14493 | Lair:2   | Learned a level 3 spell: Lesser Beckoning
 14651 | Lair:2   | Noticed an eight-headed hydra
 15232 | Lair:2   | Found a staircase to the Swamp.
 15346 | Lair:2   | Noticed an entropy weaver
 15346 | Lair:2   | an eight-headed hydra changed into an entropy weaver
 15354 | Lair:2   | Killed an entropy weaver
 15354 | Lair:2   | Reached XP level 12. HP: 54/98 MP: 13/22
 15623 | Lair:2   | Found a staircase to the Snake Pit.
 16827 | Lair:4   | Reached skill level 11 in Fighting
 17296 | Lair:4   | Noticed an eight-headed hydra
 17301 | Lair:4   | Killed an eight-headed hydra
 17813 | Lair:5   | Reached XP level 13. HP: 78/105 MP: 18/24
 17936 | Lair:5   | Reached ****** piety under Cheibriados
 17942 | Lair:5   | Identified the Papyrus of Beguiling
 18512 | Lair:5   | Found a runed translucent gate.
 18512 | Lair:5   | Found a runed translucent gate.
 18512 | Lair:5   | Found a runed translucent gate.
 18514 | Lair:5   | Noticed Gicu's ghost (journeyman MiFi)
 18560 | Lair:6   | Entered Level 6 of the Lair of Beasts
 18755 | Lair:6   | Noticed Rupert
 18757 | Lair:6   | Paralysed by Rupert for 6 turns
 20344 | Lair:6   | Killed Rupert
 20477 | Lair:6   | Reached XP level 14. HP: 98/114 MP: 23/26
 21193 | Lair:6   | Got a transparent hand crossbow
 21194 | Lair:6   | Identified the cursed +2 hand crossbow of Xousyang {elec,
                  | Str+2 Int+4} (You found it on level 6 of the Lair of
                  | Beasts)
 21255 | Lair:6   | Found a staircase to the Slime Pits.
 21255 | Lair:6   | Found a viscous altar of Jiyva.
 21712 | Lair:6   | Reached skill level 12 in Fighting
 21712 | Lair:6   | Reached skill level 10 in Armour
 22615 | D:12     | Found Xejuiruq's Gadget Shop.
 22728 | D:12     | Learned a level 4 spell: Animate Dead
 23184 | D:12     | Found a shimmering altar of Xom.
 23184 | D:12     | Found a shimmering altar of Xom.
 23185 | D:12     | Found a shimmering altar of Xom.
 23185 | D:12     | Found a shimmering altar of Xom.
 23490 | D:13     | Reached skill level 10 in Invocations
 25484 | D:14     | Found Liuguify's Food Emporium.
 25492 | D:14     | Reached XP level 15. HP: 111/122 MP: 28/28
 25781 | D:14     | Reached skill level 10 in Bows
 25781 | D:14     | Reached skill level 10 in Dodging
 25781 | D:14     | Reached skill level 10 in Evocations
 25927 | D:14     | Found a gate to the Vaults.
 25941 | D:14     | Got a heavily runed plate armour
 25952 | D:14     | Identified the +6 plate armour of the Lotus Blossom {Str+2}
                  | (You found it on level 14 of the Dungeon)
 26053 | D:15     | Entered Level 15 of the Dungeon
 26086 | D:15     | Reached skill level 10 in Stealth
 26625 | D:15     | Found a staircase to the Depths.
 26940 | Swamp:1  | Entered Level 1 of the Swamp
 27214 | Swamp:1  | Found a transporter.
 27271 | Swamp:1  | Found a transporter.
 27421 | Swamp:1  | Reached skill level 10 in Short Blades
 27421 | Swamp:1  | Reached skill level 10 in Long Blades
 27421 | Swamp:1  | Reached skill level 10 in Axes
 27421 | Swamp:1  | Reached skill level 10 in Maces & Flails
 27421 | Swamp:1  | Reached skill level 10 in Polearms
 27421 | Swamp:1  | Reached skill level 10 in Staves
 27421 | Swamp:1  | Reached skill level 10 in Slings
 27421 | Swamp:1  | Reached skill level 10 in Crossbows
 27421 | Swamp:1  | Reached skill level 10 in Throwing
 27421 | Swamp:1  | Reached skill level 10 in Shields
 27421 | Swamp:1  | Reached skill level 10 in Unarmed Combat
 27421 | Swamp:1  | Reached skill level 10 in Spellcasting
 27609 | Swamp:1  | Learned a level 4 spell: Summon Ice Beast
 28290 | Swamp:1  | HP: 6/122 [some lava collision (1)]
 28290 | Swamp:1  | Killed from afar by a swamp worm

Levels and vault maps discovered:
D:1:      lemuel_arrival_behind_the_door_small, layout_basic
D:2:      layout_loops_corners, overflow_temple_1_default,
          chequers_ecumenical_altar_simple_redux, due_unseen_surprise
D:3:      layout_basic, serial_bayou_pond_e, grunt_decor_arrowhead,
          serial_bayou_pond_b
D:4:      layout_gridville, fiery_altar_vehumet, dancing_weapons_uskayaw,
          first_ration, corexii_corridor_pit, grunt_decor_mini_mirrors,
          uniq_grinder, uniq_sigmund
D:5:      layout_loops_cross, serial_shops, shop_fountains
D:6:      layout_basic, minmay_temple_entry_mist
D:7:      layout_basic, kennysheep_mini, serial_shops, shop, grunt_ogre_cave,
          st_stairs_13, serial_park_tiny_1
D:8:      layout_gridville, serial_shops, shop
D:9:      layout_small_grid, minmay_misc_feat_x, kennysheep_doodads,
          minmay_misc_feat_square
D:10:     layout_roguey, minmay_lair_entry_grove, david_orc_3,
          minmay_misc_feat_doors, uniq_josephine
D:11:     layout_rooms, nrook_campfire
D:12:     layout_loops_ring, serial_shops, shop_fountains,
          corexii_leaking_fountain, hangedman_decor_growths, xom_shifter_show
D:13:     layout_layer_cave
D:14:     layout_roguey, ximxim_vaults_locker_room, serial_shops, shop,
          chequers_avenue, drop_trap
D:15:     grunt_enter_depths_hoard, layout_cave_pools
Temple:   compressed_dpeg_circular_temple
Lair:1:   layout_chaotic_city, ebering_ghost_xom
Lair:2:   layout_loops_ring, swamp_mist, guppyfry_snake_entry_garden,
          serial_bayou_shore_a
Lair:3:   layout_cave_pods, st_stairs_9
Lair:4:   layout_big_grid, portal_ice_cave_demonic_guard,
          grunt_forest_stairs_clearing
Lair:5:   layout_hall_layers, gammafunk_ghost_hydra_chop, st_stairs_8
Lair:6:   minmay_lair_end_frog_pond, layout_cave_shapes, slime_altar_1,
          serial_rivers, chequers_serial_rivers_marsh,
          chequers_serial_rivers_small_3, chequers_serial_rivers_micro_c,
          chequers_serial_rivers_room_a, chequers_serial_rivers_marsh,
          chequers_serial_rivers_small_b, chequers_serial_rivers_room_b,
          uniq_rupert
Swamp:1:  gammafunk_worm_tunnel, layout_basic_swamp, infiniplex_staircase_pool

Skill      XL: |  1  2  3  4  5  6  7  8  9 10 11 12 13 14 15 |
---------------+----------------------------------------------+-----
Invocations    | 1 2 3 4 5 6 7 8 9 10 | 10.9
Short Blades   | 1 2 3 4 5 6 7 8 9 10 | 10.1
Long Blades    | 1 2 3 4 5 6 7 8 9 10 | 10.1
Axes           | 1 2 3 4 5 6 7 8 9 10 | 10.1
Maces & Flails | 1 2 3 4 5 6 7 8 9 10 | 10.1
Polearms       | 1 2 3 4 5 6 7 8 9 10 | 10.1
Staves         | 1 2 3 4 5 6 7 8 9 10 | 10.1
Slings         | 1 2 3 4 5 6 7 8 9 10 | 10.1
Crossbows      | 1 2 3 4 5 6 7 8 9 10 | 10.1
Throwing       | 1 2 3 4 5 6 7 8 9 10 | 10.1
Shields        | 1 2 3 4 5 6 7 8 9 10 | 10.1
Unarmed Combat | 1 2 3 4 5 6 7 8 9 10 | 10.1
Spellcasting   | 1 2 3 4 5 6 7 8 9 10 | 10.1
Conjurations   | 1 2 3 4 5 6 7 8 |  8.5
Hexes          | 1 2 3 4 5 6 7 8 |  8.5
Charms         | 1 2 3 4 5 6 7 8 |  8.5
Summonings     | 1 2 3 4 5 6 7 8 |  8.5
Necromancy     | 1 2 3 4 5 6 7 8 |  8.5
Translocations | 1 2 3 4 5 6 7 8 |  8.5
Transmutations | 1 2 3 4 5 6 7 8 |  8.5
Fire Magic     | 1 2 3 4 5 6 7 8 |  8.5
Ice Magic      | 1 2 3 4 5 6 7 8 |  8.5
Air Magic      | 1 2 3 4 5 6 7 8 |  8.5
Earth Magic    | 1 2 3 4 5 6 7 8 |  8.5
Poison Magic   | 1 2 3 4 5 6 7 8 |  8.5
Bows           | 3 4 5 6 7 8 9 10 | 10.4
Dodging        | 3 4 5 6 7 8 9 10 | 10.4
Evocations     | 3 4 5 6 7 8 9 10 | 10.4
Stealth        | 3 4 5 6 7 8 9 10 | 10.4
Armour         | 5 6 7 8 9 10 11 | 11.0
Fighting       | 9 10 11 12 | 12.8

Action                   |  1- 3 |  4- 6 |  7- 9 | 10-12 | 13-15 || total
-------------------------+-------+-------+-------+-------+-------++-------
Melee: Falchion          |   122 |   207 |       |       |       ||   329
       Bite              |    25 |    25 |    45 |    53 |   137 ||   285
       Punch             |     1 |     2 |     2 |       |       ||     5
       Dagger            |       |    13 |   101 |       |       ||   114
       Bardiche          |       |       |   266 |       |       ||   266
       Executioner's axe |       |       |    45 |   348 |   754 ||  1147
Throw: Dart              |       |       |       |       |     5 ||     5
       Javelin           |       |       |       |       |     5 ||     5
 Cast: Lesser Beckoning  |       |       |       |     3 |     5 ||     8
       Animate Dead      |       |       |       |       |     7 ||     7
       Summon Ice Beast  |       |       |       |       |    12 ||    12
Invok: Bend Time         |       |       |     2 |     2 |       ||     4
 Abil: Evoke Invisibilit |       |     1 |     1 |       |       ||     2
Evoke: Wand              |       |       |     1 |     7 |    15 ||    23
       Lamp of fire      |       |       |       |       |     2 ||     2
  Use: Scroll            |     4 |     6 |    10 |    17 |    14 ||    51
       Potion            |       |     1 |     4 |       |     6 ||    11
 Stab: Sleeping          |     1 |       |       |       |       ||     1
       Distracted        |     1 |       |       |     1 |       ||     2
       Invisible         |       |     1 |     1 |       |       ||     2
  Eat: Chunk             |     2 |     6 |    14 |    12 |    14 ||    48
       Ration            |       |     1 |       |       |     1 ||     2
Armor: Robe              |    10 |       |       |       |       ||    10
       Chain mail        |    23 |   190 |   234 |   187 |       ||   634
       Plate armour      |       |       |   123 |    95 |   575 ||   793
Dodge: Dodged            |    93 |   124 |   330 |   488 |  1036 ||  2071
       Rpst.: Falchion   |    22 |    44 |       |       |       ||    66

Table legend:
 A = Non-vault XP
 B = Vault XP
 C = Vault XP percentage of total XP
 D = Non-vault monster count
 E = Vault monster count
 F = Vault count percentage of total count
                 A         B        C        D         E       F
            +---------+---------+-------+---------+---------+-------
      Total |   87820 |   29557 |  25.2 |     547 |     106 |  16.2
            +---------+---------+-------+---------+---------+-------
        D:1 |      45 |       0 |   0.0 |      22 |       0 |   0.0
        D:2 |      54 |       0 |   0.0 |      19 |       0 |   0.0
        D:3 |     489 |       0 |   0.0 |      39 |       0 |   0.0
        D:4 |     163 |     403 |  71.2 |      11 |       2 |  15.4
        D:5 |     459 |       0 |   0.0 |      18 |       0 |   0.0
        D:6 |     595 |       0 |   0.0 |      16 |       0 |   0.0
        D:7 |    1865 |     254 |  12.0 |      47 |       2 |   4.1
        D:8 |     637 |       0 |   0.0 |      18 |       0 |   0.0
        D:9 |     859 |    1613 |  65.3 |      13 |       8 |  38.1
       D:10 |     865 |    2758 |  76.1 |      14 |      17 |  54.8
       D:11 |    4886 |       0 |   0.0 |      26 |       0 |   0.0
       D:12 |    2187 |       0 |   0.0 |      17 |       0 |   0.0
       D:13 |   10775 |       0 |   0.0 |      44 |       0 |   0.0
       D:14 |    8953 |    3135 |  25.9 |      48 |      12 |  20.0
       D:15 |    6775 |    1898 |  21.9 |      28 |       2 |   6.7
     Lair:1 |    3500 |    1695 |  32.6 |      17 |       2 |  10.5
     Lair:2 |    6286 |       0 |   0.0 |      18 |       0 |   0.0
     Lair:3 |    2630 |     435 |  14.2 |      13 |       3 |  18.8
     Lair:4 |    7095 |    1643 |  18.8 |      29 |       8 |  21.6
     Lair:5 |    4691 |       0 |   0.0 |      16 |       0 |   0.0
     Lair:6 |    9656 |   15566 |  61.7 |      41 |      49 |  54.4
    Swamp:1 |   14355 |     157 |   1.1 |      33 |       1 |   2.9
            +---------+---------+-------+---------+---------+-------
